 Dungeon Crawl Stone Soup version 0.30-a0-311-gf115ab0292 (webtiles) character file.

Game seed: 15560800346137629037

88 avis the Chopper (level 4, -3/40 HPs)
             Began as a Hill Orc Monk on Oct 25, 2022.
             Slain by Ijyb
             ... wielding a +3 dagger of electrocution
              (18 damage)
             ... on level 3 of the Dungeon.
             The game lasted 00:15:30 (3559 turns).

avis the Chopper (Hill Orc Monk)                    Turns: 3559, Time: 00:15:31

Health: -3/40      AC:  5    Str: 15    XL:     4   Next: 53%
Magic:  4/4        EV:  7    Int: 10    God:
Gold:   113        SH: 12    Dex: 17    Spells: 3/3 levels left

rFire   + . .      SeeInvis .    a - +0 hand axe
rCold   . . .      Faith    .    r - +0 tower shield
rNeg    . . .      Spirit   .    w - +0 ring mail
rPois   .          Reflect  .    B - +0 hat "Onidediu" {rF+ Dex+4}
rElec   .          Harm     .    (no cloak)
rCorr   .          Rampage  .    (no gloves)
Will    .....                    (no boots)
Stlth   +.........               (no amulet)
HPRegen 0.26/turn                (no ring)
MPRegen 0.09/turn                (no ring)

@: no status effects
A: no striking features
a: no special abilities


You were on level 3 of the Dungeon.
You visited 1 branch of the dungeon, and saw 3 of its levels.

You collected 113 gold pieces.

Inventory:

Hand Weapons
 a - a +0 hand axe (weapon)
 b - a +0 sling
 p - a +0 dagger of draining
 u - the +8 demon blade "Leech" {vamp, Harm Drain rN+}
   (You found it on level 2 of the Dungeon)

   It heals its wielder for a portion of the damage dealt every time it strikes
   a living foe.
   rN:        It protects you from negative energy.
   Drain:     It drains your maximum health when unequipped.
   Harm:      It increases damage dealt and taken.
Missiles
 y - 4 poisoned darts
Armour
 g - a +0 buckler
 q - a +0 robe
 r - a +0 tower shield (worn)
 s - a +0 helmet
 w - a +0 ring mail (worn)
 B - the +0 hat "Onidediu" (worn) {rF+ Dex+4}
   (You found it on level 2 of the Dungeon)

   Dex:       It affects your dexterity (+4).
   rF:        It protects you from fire.
Jewellery
 n - a +6 ring of intelligence
Wands
 m - a wand of flame (27)
Scrolls
 e - 2 scrolls of identify {unknown}
 h - a scroll of silence {unknown}
 i - a scroll of noise {unknown}
 j - a scroll of poison {unknown}
 o - a scroll of fog {unknown}
 v - 2 scrolls of teleportation {unknown}
 x - a scroll of enchant armour {unknown}
Potions
 d - 2 potions of cancellation {unknown}
 f - a potion of degeneration {unknown}
 k - a potion of berserk rage {unknown}
 l - a potion of heal wounds {unknown}
 t - a potion of curing {unknown}
 z - a potion of brilliance {unknown}
 A - a potion of mutation {unknown}


   Skills:
 + Level 4.2 Fighting
 * Level 6.0 Axes
 - Level 2.4 Dodging
 - Level 1.5 Stealth
 + Level 1.5 Shields


You had 3 spell levels left.
You didn't know any spells.
Your spell library contained the following spells:

 Spells                   Type           Power      Damage    Failure   Level
 Conjure Ball Lightning   Conj/Air       0%         3x3d6     100%        6
 Discord                  Hex            0%         N/A       100%        8
 Disjunction              Tloc           0%         N/A       100%        8


Dungeon Overview and Level Annotations

Branches:
Dungeon (3/15)

Altars:

Annotations:
D:3 Ijyb


Message History

You block Ijyb's attack.
Unknown command.
You are confused.
You feel invigorated. Ijyb barely misses you.
Ijyb is nearby!
Ijyb is nearby!
Ijyb is nearby!
Ijyb hits you with a +3 dagger of electrocution.
You feel less invigorated.
You feel less confused. Ijyb barely misses you.
You barely miss Ijyb.
Ijyb is lightly wounded.
You block Ijyb's attack. Ijyb closely misses you.
You hit Ijyb but do no damage.
Ijyb is lightly wounded.
You block Ijyb's attack.
You closely miss Ijyb.
Ijyb is lightly wounded.
Ijyb closely misses you.
You hit Ijyb.
Ijyb is moderately wounded.
You block Ijyb's attack.
Ijyb hits you with a +3 dagger of electrocution.
You hit Ijyb.
Ijyb is heavily wounded.
You block Ijyb's attack.
You hit Ijyb.
Ijyb is heavily wounded.
Ijyb hits you with a +3 dagger of electrocution.
You block Ijyb's attack.
You hit Ijyb but do no damage.
Ijyb is heavily wounded.
Ijyb screams, "Die!"
You block Ijyb's attack.
You miss Ijyb.
Ijyb is heavily wounded.
Ijyb hits you with a +3 dagger of electrocution.
You are electrocuted!!
You die...

#####
#########....
#..........#
#........<.#
#..........#
#..........#
#......g...#
#.......@..#
#..........#
#..........>...
#.......?...###
#...........#
###########.#
.. ###


You could see Ijyb.

Vanquished Creatures
  Robin (D:2)
  2 adders (D:2)
  A worm (D:3)
  7 endoplasms
  2 giant cockroaches (D:1)
  11 goblins
  6 hobgoblins
  5 kobolds
  4 ball pythons (D:1)
  4 bats
  2 frilled lizards
  6 rats
  5 bushes (D:2)
56 creatures vanquished.

Vanquished Creatures (others)
  3 plants (D:2)
3 creatures vanquished.

Grand Total: 59 creatures vanquished

Notes
Turn   | Place    | Note
-------+----------+-------------------------------------------
     0 | D:1      | avis the Hill Orc Monk began the quest for the Orb.
     0 | D:1      | Reached XP level 1. HP: 19/19 MP: 1/1
   227 | D:1      | Reached XP level 2. HP: 26/26 MP: 2/2
   429 | D:1      | Reached skill level 5 in Axes
   546 | D:1      | Reached XP level 3. HP: 30/33 MP: 3/3
  1225 | D:2      | Noticed Robin
  1232 | D:2      | Reached skill level 1 in Shields
  1239 | D:2      | Reached XP level 4. HP: 40/40 MP: 4/4
  1258 | D:2      | Killed Robin
  1399 | D:2      | Identified the +0 hat "Onidediu" {rF+ Dex+4}
  1417 | D:2      | Found the +8 demon blade "Leech" {vamp, Harm Drain rN+}
  3540 | D:3      | Noticed Ijyb
  3547 | D:3      | Reached skill level 6 in Axes
  3559 | D:3      | Slain by Ijyb

Illustrated notes

Levels and vault maps discovered:
D:1:      minmay_arrival_stair_chambers, layout_basic,
          nicolae_kite_square_tiling_tiny
D:2:      layout_loops_ring, serial_forest, infiniplex_forest_end_2,
          infiniplex_forest_clump_curved, infiniplex_forest_end_3,
          infiniplex_forest_clump_medium, infiniplex_forest_lined_room_3,
          infiniplex_forest_zigzag_1, infiniplex_forest_clump_C,
          infiniplex_forest_clump_C, infiniplex_forest_lined_1,
          infiniplex_forest_zigzag_2, minmay_fractal_squares_5, uniq_robin
D:3:      layout_basic, nicolae_overflow_ecumenical_swirl,
          dilly_guarded_unrand_morg, uniq_crazy_yiuf_cottage, uniq_ijyb

Skill      XL: |  1  2  3  4 |
---------------+-------------+-----
Axes           | 5 6 |  6.0
Fighting       | 4 |  4.2
Shields        | 1 |  1.5
Dodging        | |  2.4
Stealth        | |  1.5

Action                   |  1- 3 |  4- 6 || total
-------------------------+-------+-------++-------
Melee: Hand axe          |    85 |   719 ||   804
 Fire: Sling             |    18 |    22 ||    40
  Use: Potion            |       |     1 ||     1
 Stab: Sleeping          |     4 |       ||     4
Armor: Robe              |    13 |     4 ||    17
       Ring mail         |       |     1 ||     1
Dodge: Dodged            |    52 |    25 ||    77
Block: Buckler           |     7 |     4 ||    11
       Tower shield      |       |    14 ||    14

Table legend: (Time is in decaauts)
 A = Elapsed time spent in this place.
 B = Non-inter-level travel time spent in this place.
 C = Inter-level travel time spent in this place.
 D = Time resting spent in this place.
 E = Time spent auto-exploring this place.
 F = Levels seen in this place.
 G = Mean time per level.
                   A        B        C        D        E       F      G
               +--------+--------+--------+--------+--------+-----+--------+
         Total |   3880 |   3203 |    677 |    116 |   1512 |   3 | 1293.3 |
       Dungeon |   3880 |   3203 |    677 |    116 |   1512 |   3 | 1293.3 |
               +--------+--------+--------+--------+--------+-----+--------+

Top non-repeatable levels by time:
     D:2: 2755 daAuts
     D:1: 1073 daAuts
     D:3: 52 daAuts
